 Seeded DCSS version 0.29.1-15-g9cfb28693d (webtiles) character file.

Game seed: 17936887422911195022 (custom seed)

21255 Psyclone the Eclecticist (level 12, -7/65 HPs)
             Began as a Deep Elf Conjurer on Sept 22, 2023.
             Was an Initiate of Ashenzari.
             Shot with a bolt by an orc knight (30 damage)
             ... on level 1 of the Orcish Mines.
             The game lasted 00:44:05 (18404 turns).

Psyclone the Eclecticist (Deep Elf Conjurer)       Turns: 18404, Time: 00:44:06

Health: -7/65      AC:  8    Str:  6    XL:     12   Next: 52%
Magic:  22/33      EV: 14    Int: 38    God:    Ashenzari [......]
Gold:   676        SH:  0    Dex: 10    Spells: 21/41 levels left

rFire   . . .      SeeInvis .   a - +4 dagger (venom)
rCold   + + +      Faith    .   (no shield)
rNeg    . . .      Spirit   .   J - +1 robe {Will+}
rPois   .          Reflect  .   (helmet restricted)
rElec   .          Harm     .   f - +0 cloak
rCorr   .          Rampage  .   (no gloves)
Will    ++...                   (no boots)
Stlth   ++........              (no amulet)
HPRegen 0.20/turn               i - ring of Xoifex {rC+++ AC+4 Str-2 Int+10 Dex-2}
MPRegen 0.23/turn               O - +4 ring of slaying

@: no status effects
A: horns 1, frail 1, strong 1
a: Renounce Religion, Curse Item


You were on level 1 of the Orcish Mines.
You worshipped Ashenzari.
Ashenzari was noncommittal.
You visited 3 branches of the dungeon, and saw 13 of its levels.
You also visited: Ossuary.

You collected 1264 gold pieces.
You spent 588 gold pieces at shops.

Inventory:

Hand Weapons
 a - a +4 dagger of venom (weapon)
 L - a +2 dagger of holy wrath
Armour
 e - the +0 pair of gloves "Sobliuwk" {rElec rF- SInv}
   (You bought it in a shop on level 2 of the Orcish Mines)

   rF:        It makes you vulnerable to fire.
   rElec:     It insulates you from electricity.
   SInv:      It lets you see invisible.
 f - a +0 cloak (worn)
 y - a +2 helmet
 J - a +1 robe of willpower (worn)
 S - +0 steam dragon scales
Jewellery
 h - a ring of protection from cold
 i - the ring of Xoifex (left hand) {rC+++ AC+4 Str-2 Int+10 Dex-2}
   (You found it on level 3 of the Dungeon)

   [ring of protection]

   AC:        It affects your AC (+4).
   Str:       It affects your strength (-2).
   Int:       It affects your intelligence (+10).
   Dex:       It affects your dexterity (-2).
   rC:        It renders you almost immune to cold.
 F - a ring of wizardry
 H - a ring of protection from cold
 O - a +4 ring of slaying (right hand)
Wands
 n - a wand of light (6)
 K - a wand of mindburst (23)
 M - a wand of polymorph (6)
 N - a wand of paralysis (2)
 R - a wand of iceblast (14)
Scrolls
 c - 2 scrolls of enchant weapon {unknown}
 g - 12 scrolls of identify {@r1}
 j - 5 scrolls of butterflies {unknown}
 k - a scroll of torment {unknown}
 l - a scroll of fear
 m - a scroll of enchant armour {unknown}
 r - 8 scrolls of teleportation {unknown}
 t - a scroll of summoning {unknown}
 v - 2 scrolls of magic mapping {unknown}
 x - 3 scrolls of amnesia {unknown}
 A - 2 scrolls of silence {unknown}
 C - 2 scrolls of noise {unknown}
 I - 2 scrolls of vulnerability {unknown}
Potions
 b - a potion of magic
 d - 3 potions of flight
 o - a potion of berserk rage
 p - 6 potions of haste {unknown}
 s - a potion of might {unknown}
 u - 8 potions of curing
 w - 2 potions of lignification
 z - a potion of invisibility {unknown}
 D - a potion of ambrosia {unknown}
 E - 2 potions of cancellation {unknown}
 G - 3 potions of brilliance {unknown}
 P - 2 potions of degeneration {unknown}
Miscellaneous
 Q - a piece from Xom's chessboard (15/15)


   Skills:
 - Level 8.0 Fighting
 - Level 8.0 Dodging
 - Level 2.4 Stealth
 - Level 15.0 Spellcasting
 + Level 13.4 Conjurations
 - Level 6.0 Hexes
 - Level 6.0 Fire Magic


You had 21 spell levels left.
You knew the following spells:

 Your Spells              Type           Power      Damage    Failure   Level
a - Magic Dart            Conj           100%       1d8       0%          1
b - Searing Ray           Conj           100%       2d8       0%          2
c - Dazzling Flash        Conj/Hex       100%       N/A       1%          3
d - Fulminant Prism       Conj/Hex       40%        3d20      1%          4
e - Conjure Flame         Conj/Fire      80%        6-21      1%          3
f - Sticky Flame          Conj/Fire      80%        2d9       1%          4
s - Ignite Poison         Fire/Tmut/Pois 43%        N/A       1%          3

Your spell library contained the following spells:

 Spells                   Type           Power      Damage    Failure   Level
 Apportation              Tloc           56%        N/A       1%          1
 Summon Small Mammal      Summ           100%       N/A       1%          1
 Summon Guardian Golem    Hex/Summ       50%        N/A       1%          3
 Iskenderun's Mystic Bla  Conj/Tloc      68%        2d14      1%          4
 Call Canine Familiar     Summ           28%        N/A       3%          3
 Ozocubu's Armour         Ice            28%        N/A       3%          3
 Silence                  Hex/Air        25%        N/A       10%         5
 Agony                    Necr           28%        N/A       32%         5
 Ozocubu's Refrigeration  Ice            14%        4d10      100%        7


Dungeon Overview and Level Annotations

Branches:
Dungeon (10/15) Zot: 25888  Temple (1/1) D:7 Zot: 5817    Lair (0/5) D:8
    Orc (2/2) D:9 Zot: 7863     Elf (0/3) Orc:2       Ossuary (visited)

Altars:
Ashenzari
Cheibriados
Dithmenos
Elyvilon
Fedhas
Gozag
Hepliaklqana
Kikubaaqudgha
Makhleb
Nemelex Xobeh
Okawaru
Qazlal
Ru
Sif Muna
Trog
Uskayaw
Vehumet
Wu Jian
Xom
Yredelemnul
Zin
The Shining One

Shops:
D:5 !*=   Orc:2 ![!*!

Annotations:
D:7 2 runed translucent doors, exclusion: orange crystal statue
Orc:1 1 transporter


Innate Abilities, Weirdness & Mutations

You have a pair of small horns on your head.
You are frail. (-10% HP)
Your muscles are strong. (Str +4, Int/Dex -1)


Message History

Confirm with . or Enter, or press ? or * to list all spells.
Aiming: Fulminant Prism (safe; 1% risk of failure)
Press: ? - help, Dir - move target You conjure a prism of explosive energy!
A fulminant prism comes into view.
You now have 29/33 mp.
An orc sorcerer comes into view. It is wielding a +0 dagger.
The orc knight shoots a bolt.
The bolt hits you!!
Your fulminant prism crackles loudly.
You take 23 damage, and have 42/65 hp.
MASSIVE DAMAGE!!
The orc sorcerer shouts!
Your fulminant prism explodes!
The blast of energy engulfs the orc knight!!
The orc knight is heavily wounded.
You see here a +0 giant spiked club.
Casting: Fulminant Prism (safe; 1% risk of failure)
Confirm with . or Enter, or press ? or * to list all spells.
Aiming: Fulminant Prism (safe; 1% risk of failure)
Press: ? - help, Dir - move target You conjure a prism of explosive energy!
A fulminant prism comes into view.
The orc sorcerer casts a spell.
The orc knight shoots a bolt.
The bolt misses you.
You now have 26/33 mp.
The orc sorcerer gestures wildly while chanting.
Your fulminant prism crackles loudly.
The orc knight shoots a bolt.
The bolt hits you!!
Your fulminant prism explodes!
The blast of energy engulfs the orc knight!
The orc knight is severely wounded.
You see here a +0 giant spiked club.
You take 20 damage, and have 22/65 hp.
MASSIVE DAMAGE!!
Casting: Fulminant Prism (safe; 1% risk of failure)
Confirm with . or Enter, or press ? or * to list all spells.
Aiming: Fulminant Prism (safe; 1% risk of failure)
Press: ? - help, Dir - move target You conjure a prism of explosive energy!
A fulminant prism comes into view.
The orc knight shoots a bolt.
The bolt hits you!!
You die...

... ##...... .....
#...4..####
.....##..4....#.##
......##.....#...##
#......#.o..##....##.
............#........
......$......#.....#.
.....*[...[..........
...o..[>.@...........
......$)[[[.......#..
....รท.[....).........
.....)[.(............
...................##
.$................##
........#....#$.....
....#...$..####.#.##
....#.......


You could see an orc knight (ally target), an orange demon (summoned), an ice
devil (summoned), an orc sorcerer and a friendly fulminant prism.

Vanquished Creatures
  An ettin (Orc:1)
  An ogre mage (Orc:2)
  5 two-headed ogres (Orc:2)
  An orc high priest (Orc:2)
  Amaemon (D:10)
  Pikel (D:7)
  2 orc knights
  4 orc sorcerers (Orc:2)
  Maggie (D:10)
  An orange demon (D:10)
  4 trolls
  Prince Ribbit (D:6)
  Sigmund (D:6)
  A wraith (D:9)
  2 wyverns (D:8)
  16 yaks
  A basilisk (D:8)
  A steam dragon (D:9)
  Menkaure (D:5)
  5 wargs
  5 water moccasins
  17 orc warriors
  A sky beast (D:7)
  4 black bears
  6 ogres
  7 centaurs
  A kobold brigand (D:6)
  3 lemures (D:7)
  2 phantoms
  7 bullfrogs
  2 necrophages
  7 scorpions
  5 wights (D:6)
  8 killer bees
  4 hounds
  2 gnoll boudas (D:5)
  Crazy Yiuf (D:7)
  15 orc priests
  A jelly (D:5)
  6 iguanas
  37 orc wizards
  8 mummies (Ossuary)
  6 adders
  10 gnolls (D:5)
  2 white imps
  2 ufetubi
  2 worms
  A dart slug (D:4)
  59 orcs
  6 endoplasms
  7 giant cockroaches
  3 gnoll zombies (Ossuary)
  8 goblins
  6 hobgoblins
  3 jackals (D:4)
  3 quokkas
  7 ball pythons
  3 bats
  4 frilled lizards
  3 hobgoblin zombies (Ossuary)
  6 kobolds
  2 orc zombies (Ossuary)
  9 rats
352 creatures vanquished.

Vanquished Creatures (others)
  120 fulminant prisms
  2 fungi (D:8)
  22 plants
144 creatures vanquished.

Grand Total: 496 creatures vanquished

Notes
Turn   | Place    | Note
-------+----------+-------------------------------------------
     0 | D:1      | Psyclone the Deep Elf Conjurer began the quest for the Orb.
     0 | D:1      | Reached XP level 1. HP: 10/10 MP: 6/6
   445 | D:1      | Reached XP level 2. HP: 15/15 MP: 5/8
   973 | D:1      | Found a faded altar of an unknown god.
  1263 | D:2      | Learned a level 2 spell: Searing Ray
  1400 | D:2      | Reached skill level 4 in Spellcasting
  1534 | D:2      | Reached skill level 5 in Conjurations
  1534 | D:2      | Reached XP level 3. HP: 19/19 MP: 4/10
  2342 | D:3      | Found an ornate altar of the Wu Jian Council.
  2378 | D:3      | Identified the ring of Xoifex {rC+++ AC+4 Str-2 Int+10
                  | Dex-2}
  2521 | D:3      | Reached XP level 4. HP: 24/24 MP: 4/12
  2993 | D:3      | Reached skill level 5 in Spellcasting
  3499 | D:4      | Noticed a black bear
  3504 | D:4      | HP: 1/24 [black bear (2)]
  3505 | D:4      | Killed a black bear
  3506 | D:4      | Reached XP level 5. HP: 1/28 MP: 6/15
  3892 | D:4      | Reached skill level 6 in Spellcasting
  4125 | D:4      | Noticed a black bear
  4133 | D:4      | Killed a black bear
  4134 | D:4      | Reached XP level 6. HP: 32/32 MP: 8/17
  4460 | D:4      | Learned a level 4 spell: Fulminant Prism
  4464 | D:4      | Learned a level 3 spell: Dazzling Flash
  4467 | D:4      | Reached skill level 7 in Spellcasting
  4505 | D:4      | Found a glowing golden altar of the Shining One.
  4570 | D:4      | Found a bloodstained altar of Trog.
  4692 | D:4      | Found a white marble altar of Elyvilon.
  5028 | D:5      | Entered Level 5 of the Dungeon
  5033 | D:5      | Reached XP level 7. HP: 36/36 MP: 14/20
  5243 | D:5      | Found Fazieteh's Distillery.
  5249 | D:5      | Reached skill level 8 in Spellcasting
  5252 | D:5      | Bought a potion of lignification for 33 gold pieces
  5425 | D:5      | Noticed Menkaure
  5429 | D:5      | Killed Menkaure
  5633 | D:5      | Reached skill level 9 in Spellcasting
  5716 | D:5      | Reached XP level 8. HP: 25/41 MP: 7/23
  5929 | D:5      | Found Ifiorph's General Store.
  5937 | D:5      | Bought a potion of curing for 42 gold pieces
  5937 | D:5      | Bought a scroll of identify for 28 gold pieces
  6135 | D:5      | Identified the +1 scale mail "Lemosih" {rElec rF+ rC-
                  | rCorr}
  6678 | D:5      | Found Xycsolle's Jewellery Shoppe.
  6988 | D:6      | Noticed Prince Ribbit
  7002 | D:6      | Killed Prince Ribbit
  7003 | D:6      | Reached skill level 10 in Spellcasting
  7058 | D:6      | Noticed Sigmund
  7065 | D:6      | Killed Sigmund
  7151 | D:6      | Reached skill level 11 in Spellcasting
  7151 | D:6      | Reached skill level 10 in Conjurations
  7187 | D:6      | Found a sand-covered staircase.
  7232 | Ossuary  | Entered an ossuary
  7828 | D:6      | Found a burning altar of Makhleb.
  7832 | D:6      | Reached XP level 9. HP: 45/45 MP: 21/26
  8450 | D:6      | Reached skill level 12 in Spellcasting
  9255 | D:7      | Found a runed translucent door.
  9262 | D:7      | Found the +10 tower shield of Ignorance {rN+ Int-4}
  9268 | D:7      | Found a runed translucent door.
  9269 | D:7      | Noticed an orange crystal statue
  9377 | D:7      | Found a staircase to the Ecumenical Temple.
  9383 | Temple   | Entered the Ecumenical Temple
  9403 | Temple   | Became a worshipper of Ashenzari the Shackled
  9602 | D:7      | Learned a level 3 spell: Conjure Flame
  9606 | D:7      | Learned a level 3 spell: Ignite Poison
  9611 | D:7      | Learned a level 4 spell: Sticky Flame
  9683 | D:7      | Found a runed translucent door.
  9684 | D:7      | Noticed Crazy Yiuf
  9692 | D:7      | Killed Crazy Yiuf
  9865 | D:7      | Found a sacrificial altar of Ru.
  9995 | D:7      | Reached skill level 1 in Hexes
  9995 | D:7      | Reached skill level 1 in Fire Magic
 10225 | D:7      | Noticed Pikel
 10231 | D:7      | Killed Pikel
 10232 | D:7      | Reached skill level 5 in Fire Magic
 10676 | D:8      | Reached XP level 10. HP: 35/50 MP: 16/28
 10692 | D:8      | Reached skill level 5 in Hexes
 11203 | D:8      | Reached skill level 5 in Dodging
 11279 | D:8      | Found a staircase to the Lair.
 11347 | D:8      | Identified the +5 sling "Owobeimm" {speed, Dex+3}
 11565 | D:8      | Found a hide-covered altar of Uskayaw.
 11946 | D:9      | Found a staircase to the Orcish Mines.
 11950 | D:9      | Reached skill level 5 in Fighting
 12286 | D:9      | Reached XP level 11. HP: 38/64 MP: 17/29
 12777 | D:9      | Found a shimmering altar of Xom.
 12955 | D:9      | Found a blossoming altar of Fedhas.
 13160 | D:10     | Entered Level 10 of the Dungeon
 13313 | D:10     | Noticed Amaemon
 13328 | D:10     | Killed Amaemon
 13880 | D:10     | Noticed Maggie
 13886 | D:10     | Killed Maggie
 14025 | D:10     | Found a shimmering blue altar of Sif Muna.
 14193 | D:10     | Got Sif Muna's Enchiridion on Superposition
 14271 | Orc:1    | Entered Level 1 of the Orcish Mines
 14501 | Orc:1    | Noticed an ettin
 14510 | Orc:1    | Killed an ettin
 14758 | Orc:1    | Found a transporter.
 14927 | Orc:2    | Entered Level 2 of the Orcish Mines
 15030 | Orc:2    | Found a staircase to the Elven Halls.
 15078 | Orc:2    | Noticed an orc knight
 15101 | Orc:2    | Killed an orc knight
 15556 | Orc:2    | Found Foiruw's Distillery.
 15637 | Orc:2    | Noticed an orc sorcerer
 15644 | Orc:2    | Reached skill level 13 in Spellcasting
 15646 | Orc:2    | Killed an orc sorcerer
 15959 | Orc:2    | Noticed an orc high priest
 15966 | Orc:2    | Killed an orc high priest
 16000 | Orc:2    | Reached skill level 14 in Spellcasting
 16267 | Orc:2    | Noticed an ogre mage
 16273 | Orc:2    | Killed an ogre mage
 16276 | Orc:2    | Noticed a two-headed ogre
 16277 | Orc:2    | Noticed a two-headed ogre
 16277 | Orc:2    | Noticed a two-headed ogre
 16283 | Orc:2    | Noticed a two-headed ogre
 16285 | Orc:2    | Killed a two-headed ogre
 16285 | Orc:2    | Killed a two-headed ogre
 16286 | Orc:2    | Reached skill level 15 in Spellcasting
 16286 | Orc:2    | Reached XP level 12. HP: 69/73 MP: 15/33
 16288 | Orc:2    | Killed a two-headed ogre
 16291 | Orc:2    | Killed a two-headed ogre
 16295 | Orc:2    | Noticed a two-headed ogre
 16301 | Orc:2    | Killed a two-headed ogre
 17238 | Orc:2    | Found Hor Marr's Distillery.
 17238 | Orc:2    | Found Guva's Assorted Antiques.
 17239 | Orc:2    | Found Nyzxung's Antique Armour Shop.
 17242 | Orc:2    | Found Vuyntag's Distillery.
 17501 | Orc:2    | Bought a scroll labelled FIM JUOHAESK for 21 gold pieces
 17501 | Orc:2    | Bought a viscous sapphire potion for 18 gold pieces
 17501 | Orc:2    | Bought a golden potion for 18 gold pieces
 17501 | Orc:2    | Bought a scroll labelled FIM JUOHAESK for 21 gold pieces
 17501 | Orc:2    | Bought a pair of crude gloves for 199 gold pieces
 17501 | Orc:2    | Identified the +0 pair of gloves "Sobliuwk" {rElec rF-
                  | SInv} (You bought it in a shop on level 2 of the Orcish
                  | Mines)
 17520 | Orc:2    | Gained mutation: You are robust. (+10% HP) [potion of
                  | mutation]
 17520 | Orc:2    | Gained mutation: Your magical capacity is low. (-10% MP)
                  | [potion of mutation]
 17520 | Orc:2    | Gained mutation: You are strong-willed. (Will+) [potion of
                  | mutation]
 17521 | Orc:2    | Lost mutation: You are strong-willed. (Will+) [potion of
                  | mutation]
 17521 | Orc:2    | Lost mutation: Your magical capacity is low. (-10% MP)
                  | [potion of mutation]
 17521 | Orc:2    | Gained mutation: You are dopey. (Int -2) [potion of
                  | mutation]
 17521 | Orc:2    | Gained mutation: You occasionally shout uncontrollably at
                  | your foes. [potion of mutation]
 17521 | Orc:2    | Gained mutation: Your magical capacity is low. (-10% MP)
                  | [potion of mutation]
 17521 | Orc:2    | Lost mutation: You are dopey. (Int -2) [potion of mutation]
 17573 | Orc:2    | Bought a potion of mutation for 96 gold pieces
 17573 | Orc:2    | Lost mutation: You are robust. (+10% HP) [potion of
                  | mutation]
 17573 | Orc:2    | Lost mutation: Your magical capacity is low. (-10% MP)
                  | [potion of mutation]
 17573 | Orc:2    | Lost mutation: You occasionally shout uncontrollably at
                  | your foes. [potion of mutation]
 17573 | Orc:2    | Gained mutation: Your spells are a little harder to cast,
                  | but a little more powerful. [potion of mutation]
 17573 | Orc:2    | Gained mutation: Your flesh is cold resistant. (rC+)
                  | [potion of mutation]
 17573 | Orc:2    | Gained mutation: You are frail. (-10% HP) [potion of
                  | mutation]
 17622 | Orc:2    | Bought a potion of mutation for 112 gold pieces
 17622 | Orc:2    | Lost mutation: Your flesh is cold resistant. (rC+) [potion
                  | of mutation]
 17622 | Orc:2    | Lost mutation: Your spells are a little harder to cast, but
                  | a little more powerful. [potion of mutation]
 17622 | Orc:2    | Gained mutation: Your muscles are strong. (Str +4, Int/Dex
                  | -1) [potion of mutation]
 17622 | Orc:2    | Gained mutation: You have a pair of small horns on your
                  | head. [potion of mutation]
 18404 | Orc:1    | Shot with a bolt by an orc knight

Illustrated notes

Levels and vault maps discovered:
D:1:      amcnicky_arrival_double_pillar, layout_loops_corners,
          hellmonk_ecumenical_altar_inner_sanctum
D:2:      layout_basic, hangedman_decor_clover_reticule,
          kennysheep_generic_room_12
D:3:      layout_basic, nicolae_wu_jian_wuxing_cycle
D:4:      layout_loops_cross, trog_butcher_becter, lemuel_tele_altar,
          nicolae_elyvilon_temple_path
D:5:      layout_loops_corners, serial_shops, nicolae_shop_advertising_works
          [nicolae_subvault_shop_adworks], shop, kennysheep_mini, uniq_menkaure
D:6:      layout_loops_cross, makhleb_blood_cavern_becter, enter_ossuary_5,
          uniq_sigmund, uniq_prince_ribbit1
D:7:      layout_gridville, nicolae_ru_path_of_blood, minmay_temple_entry_hall,
          chequers_guarded_unrand_ignorance, uniq_pikel, uniq_crazy_yiuf_cottage
D:8:      layout_basic, nicolae_overflow_crystal_walls, minmay_lair_entry_grove
D:9:      layout_cave_pools, fedhas_altar_fruit_tree, xom_butterflies,
          minmay_orc_entry_temple_small
D:10:     layout_stronghold, led_sif_book, chequers_serial_rivers_micro_d,
          uniq_maggie, uniq_amaemon
Temple:   nicolae_temple_slightly_damp_pantheon
Orc:1:    emtedronai_trogs_sanctum, layout_caves, uniq_erolcha
Orc:2:    st_orc_mages, layout_caves, serial_shops, nicolae_shop_stone,
          nicolae_orc_sculptors_studio

Skill      XL: |  1  2  3  4  5  6  7  8  9 10 11 12 |
---------------+-------------------------------------+-----
Spellcasting   | 4 5 6 7 9 11 12 15 | 15.0
Conjurations   | 5 6 7 8 10 13 | 13.4
Hexes          | 4 6 |  6.0
Fire Magic     | 5 6 |  6.0
Fighting       | 5 8 |  8.0
Dodging        | 6 8 |  8.0
Stealth        | |  2.4

Action                   |  1- 3 |  4- 6 |  7- 9 | 10-12 || total
-------------------------+-------+-------+-------+-------++-------
Melee: Dagger            |       |       |     4 |    54 ||    58
 Cast: Magic Dart        |    82 |    97 |    76 |   152 ||   407
       Searing Ray       |       |     7 |    59 |    51 ||   117
       Fulminant Prism   |       |       |    21 |   100 ||   121
       Ignite Poison     |       |       |       |     6 ||     6
  Use: Scroll            |       |       |     2 |     2 ||     4
       Potion            |       |       |     1 |     7 ||     8
Armor: Robe              |     7 |    12 |    36 |    69 ||   124
       Steam dragon scal |       |       |       |    10 ||    10
       Skin              |       |       |       |     1 ||     1
Dodge: Dodged            |     3 |    12 |    34 |   129 ||   178
